 Dungeon Crawl Stone Soup version 0.26.1-11-gd32895ea62 (webtiles) character file.

Game seed: 15492145793880362400

390807 Fusha the Unseen (level 24, -3/185 HPs)
             Began as a Human Brigand on June 6, 2021.
             Was the Champion of Dithmenos.
             Killed from afar by a frost giant (16 damage)
             ... with a bolt of cold
             ... on level 5 of the Depths.
             The game lasted 06:21:13 (65997 turns).

Fusha the Unseen (Human Brigand)                   Turns: 65997, Time: 06:21:13

Health: -3/185     AC: 26    Str: 22    XL:     24   Next: 18%
Magic:  22/22      EV: 32    Int: 10    God:    Dithmenos [******]
Gold:   905        SH: 22    Dex: 40    Spells: 23/23 levels left

rFire    + . .     SeeInvis .   b - +5 dagger of Greed {elec, rN+}
rCold    + . .     Faith    .   o - +0 kite shield {rC+}
rNeg     + . .     Spirit   .   D - +3 ring mail "Amayl" {rF+ Will+ Str+4}
rPois    +         Reflect  +   W - +2 hat of Weirdness {rElec rPois}
rElec    +         Harm     .   v - +2 cloak {rPois}
rCorr    .         Rampage  .   z - +2 pair of gloves
Will     ++...     Clarity  +   B - +0 pair of boots Stlth *****+++++
                                X - amulet "Meimaoh" {Reflect rPois SH+5}
HPRegen  0.40/turn              j - ring "Ipyvvanost" {*Drain AC+4 Str+4 Int-3 Dex+9, =R}
MPRegen  0.18/turn              y - +6 ring of dexterity {@P1}

@: wreathed by umbra
A: icy blue scales 1, agile 1, clarity, low mp 1
}: 2/15 runes: decaying, serpentine
a: Renounce Religion, Shadow Step, Shadow Form


You were on level 5 of the Depths.
You worshipped Dithmenos.
Dithmenos was exalted by your worship.
You visited 7 branches of the dungeon, and saw 37 of its levels.
You also visited: Bailey and Ice Cave.

You collected 5119 gold pieces.
You spent 4214 gold pieces at shops.

Inventory:

Hand Weapons
 a - a +3 rapier of speed
 b - the +5 dagger of Greed (weapon) {elec, rN+}
   (You found it on level 11 of the Dungeon)

   Occasionally, upon striking a foe, it can discharge electrical energy and
   cause terrible harm.
   It protects you from negative energy.
Missiles
 e - 19 curare-tipped darts {!Q =g}
 f - 22 boomerangs
 E - 12 javelins
 I - 7 silver javelins (quivered) {!Q}
Armour
 o - a +0 kite shield of cold resistance (worn)
 v - a +2 cloak of poison resistance (worn)
 z - a +2 pair of gloves (worn)
 B - a +0 pair of boots (worn)
 D - the +3 ring mail "Amayl" (worn) {rF+ Will+ Str+4}
   (You bought it in a shop on level 2 of the Orcish Mines)

   It affects your strength (+4).
   It protects you from fire.
   It affects your willpower, your defense against some magical effects.
 W - the +2 hat of Weirdness (worn) {rElec rPois}
   (You found it on level 15 of the Dungeon)

   It insulates you from electricity.
   It protects you from poison.
Jewellery
 g - an uncursed ring of protection from cold
 i - an uncursed ring of resist corrosion
 j - the ring "Ipyvvanost" (left hand) {*Drain AC+4 Str+4 Int-3 Dex+9, =R}
   (You acquired it on level 4 of the Lair of Beasts)

   [ring of protection]

   It affects your AC (+4).
   It affects your strength (+4).
   It affects your intelligence (-3).
   It affects your dexterity (+9).
   It causes draining when unequipped.
 w - an uncursed ring of willpower {@P4}
 y - a +6 ring of dexterity (right hand) {@P1}
 X - the amulet "Meimaoh" (around neck) {Reflect rPois SH+5}
   (You acquired it on level 1 of the Snake Pit)

   [amulet of reflection]

   It shields you and reflects attacks.
   It protects you from poison.
   It affects your SH (+5).
 Y - an uncursed ring of fire
Wands
 d - a wand of acid (35)
 r - a wand of iceblast (22)
 t - a wand of digging (11)
 P - a wand of enslavement (7)
 R - a wand of paralysis (28)
Scrolls
 c - 2 scrolls of blinking
 l - 2 scrolls of magic mapping
 p - 4 scrolls of vulnerability
 x - 2 scrolls of holy word
 G - 16 scrolls of teleportation
 K - 2 scrolls of silence
 N - a scroll of summoning
 Q - 2 scrolls of fear
 V - 5 scrolls of torment
Potions
 h - 4 potions of curing
 k - 3 potions of ambrosia
 m - 6 potions of flight
 n - a potion of might
 q - 4 potions of magic
 s - 4 potions of haste
 u - 5 potions of lignification
 A - 3 potions of cancellation
 C - 6 potions of resistance
 J - 3 potions of invisibility
 M - a potion of berserk rage
Miscellaneous
 F - a tin of tremorstones (2/2)
 H - a condenser vane (inert)
 L - a phial of floods
 O - a phantom mirror
 U - a lightning rod (inert)


   Skills:
 + Level 14.0 Fighting
 + Level 15.6 Short Blades
 + Level 13.8 Throwing
 - Level 8.5 Armour
 + Level 16.0 Dodging
 + Level 19.2 Stealth
 - Level 15.0 Shields
 + Level 2.3 Invocations
 + Level 10.1 Evocations


You had 23 spell levels left.
You didn't know any spells.
Your spell library contained the following spells:

 Spells                   Type           Power        Failure   Level
 Animate Skeleton         Necr           0%           50%         1
 Apportation              Tloc           0%           50%         1
 Corona                   Hex            0%           50%         1
 Magic Dart               Conj           0%           50%         1
 Pain                     Necr           0%           50%         1
 Sting                    Tmut/Pois      0%           50%         1
 Summon Small Mammal      Summ           0%           50%         1
 Blink                    Tloc           N/A          63%         2
 Call Imp                 Summ           0%           63%         2
 Ensorcelled Hibernation  Hex/Ice        0%           63%         2
 Poisonous Vapours        Pois/Air       0%           63%         2
 Slow                     Hex            0%           63%         2
 Sublimation of Blood     Necr           0%           63%         2
 Call Canine Familiar     Summ           0%           86%         3
 Confusing Touch          Hex            0%           86%         3
 Conjure Flame            Conj/Fire      0%           86%         3
 Dazzling Flash           Conj/Hex       0%           86%         3
 Gell's Gravitas          Tloc           0%           86%         3
 Ignite Poison            Fire/Tmut/Pois 0%           86%         3
 Inner Flame              Hex/Fire       0%           86%         3
 Mephitic Cloud           Conj/Pois/Air  0%           86%         3
 Portal Projectile        Hex/Tloc       0%           86%         3
 Summon Guardian Golem    Hex/Summ       0%           86%         3
 Tukima's Dance           Hex            0%           86%         3
 Vampiric Draining        Necr           0%           86%         3
 Animate Dead             Necr           0%           99%         4
 Cause Fear               Hex            0%           99%         4
 Leda's Liquefaction      Hex/Erth       0%           99%         4
 Olgreb's Toxic Radiance  Pois           0%           99%         4
 Petrify                  Tmut/Erth      0%           99%         4
 Summon Ice Beast         Ice/Summ       0%           99%         4
 Summon Lightning Spire   Summ/Air       0%           99%         4
 Agony                    Necr           0%           100%        5
 Alistair's Intoxication  Tmut/Pois      0%           100%        5
 Irradiate                Conj/Tmut      0%           100%        5
 Metabolic Englaciation   Hex/Ice        0%           100%        5
 Yara's Violent Unravell  Hex/Tmut       0%           100%        5
 Eringya's Noxious Bog    Tmut/Pois      0%           100%        6


Dungeon Overview and Level Annotations

Branches:
Dungeon (15/15)            Temple (1/1) D:5            Lair (6/6) D:8
  Swamp (4/4) Lair:4        Snake (4/4) Lair:3        Slime (0/5) Lair:6
    Orc (2/2) D:12            Elf (0/3) Orc:2        Vaults (0/5) D:13
 Depths (5/5) D:15            Zot (0/5) Depths:5     Bailey (visited)
  IceCv (visited)

Altars:
Ashenzari
Cheibriados
Dithmenos
Elyvilon
Fedhas
Gozag
Hepliaklqana
Kikubaaqudgha
Makhleb
Nemelex Xobeh
Okawaru
Qazlal
Ru
Sif Muna
Trog
Uskayaw
Vehumet
Wu Jian
Xom
Yredelemnul
Zin
The Shining One
Beogh
Jiyva

Shops:
D:10 :   Orc:2 (**[   Depths:2 }}=   Depths:4 ![*

Portals:
Hell: Depths:1 Depths:2 Depths:3 Depths:4
Abyss: Depths:1 Depths:2 Depths:4
Pandemonium: Depths:1 Depths:3 Depths:4
Ziggurat: Depths:3

Annotations:
Depths:3 1 runed translucent door


Innate Abilities, Weirdness & Mutations

You are partially covered in icy blue scales. (AC +2)
You are agile. (Dex +2)
You possess an exceptional clarity of mind.
Your magical capacity is low. (-10% MP)


Message History

The green draconian stormcaller calls down the wrath of Qazlal upon you.
Qazlal smites you!
* * * LOW HITPOINT WARNING * * *
Okay, then.
Blink to where?
Press: ? - help, Dir - move target, p - green draconian stormcaller You can't see that place.
Okay, then.
Blink to where?
Press: ? - help, Dir - move target, p - green draconian stormcaller
As you read the scroll of blinking, it crumbles to dust.
A frost giant comes into view.
It is wielding a +0 battleaxe of freezing.
A spark wasp comes into view.
Found 92 gold pieces and a scroll of enchant armour.
You feel yourself speed up.
The frost giant points at you and mumbles some strange words.
The bolt of cold misses you.
The frost giant gestures at you while chanting.
The bolt of cold hits you! You resist.
You die...

,,,,,,,,,,,,,,,,,,,<,,,,,,,,,,,,,
*,,*****#..*********..#********,,
,,,****##..#########..##*******,,
+**,,,,.................,,,,,,,,,
,8**,,,.........$.......,,,,,,,,,
,,,**,,..y..............******,,*
,,,8**,............$....******,,*
,,,,,**.................,,,,,,,,,
,,,,,8*.....C...@.......,,,,,,,,,
,,,,,,+........#########,,≈≈≈≈≈≈≈
,,,,,8*........#######**,,,,,,,,,
,,,,,**..............,,,,,,,,,,,,
,,,8**,..$..........,,,,,,,,,,,,,
,,,###*#########..#*****,..,,,,,,
,8##.###########..######...,,,,,,
+##........................,,,,,,
....).............D......C≈≈≈≈≈≈≈


You could see a frost giant and a spark wasp (wandering).

Vanquished Creatures
  A juggernaut (Depths:3)
  3 tentacled monstrosities
  Asterion (Snake:2)
  3 titans
  4 liches
  2 sphinxes
  3 tengu reavers
  2 storm dragons
  8 nagarajas
  Roxanne (D:15)
  4 thorn hunters (Swamp:3)
  7 fire giants
  5 frost giants
  2 fenstrider witches
  3 orc warlords
  Louise (Snake:1)
  A cacodemon (Depths:1)
  The ghost of H0rd4k the Carver, a journeyman HuAr of Gozag (Orc:2)
  A draconian stormcaller (Depths:5)
  The ghost of Gerhazo the Destroyer, a journeyman DrCj of Vehumet (Lair:6)
  The ghost of Kuralita the Martial Artist, a journeyman OpTm of Makhleb (D:15)
  A spriggan defender (Depths:3)
  16 very ugly things
  11 stone giants
  Nessos (D:14)
  A purple draconian (Depths:5)
  A green draconian (Depths:5)
  7 bunyips
  2 spark wasps (Depths:3)
  6 dire elephants (Lair:6)
  15 ettins
  3 eleionomae
  A merfolk javelineer (Depths:1)
  2 green deaths (Swamp:4)
  A death ooze (Swamp:4)
  5 fire dragons
  Josephine (Lair:5)
  16 naga warriors
  A rakshasa (Depths:2)
  3 yaktaur captains
  A great orb of eyes (Depths:1)
  2 hell beasts (Swamp:4)
  21 hydras
  Harold (D:7)
  2 ghost crabs
  2 shambling mangroves (Swamp:3)
  The ghost of boysha the Nimble, a journeyman GnGl of Okawaru (D:11)
  6 boulder beetles
  11 vault guards
  4 spriggan air magi
  3 ice dragons
  2 catoblepae
  11 anacondas
  8 centaur warriors
  3 ogre magi
  6 tengu warriors
  10 alligators
  14 two-headed ogres
  2 deep troll shamans
  6 spriggan berserkers
  6 deep troll earth magi
  3 thrashing horrors (Swamp:4)
  Sonja (D:12)
  5 vampire magi
  4 shock serpents
  5 orc high priests
  18 naga sharpshooters
  2 sea snakes (Snake:1)
  6 iron trolls (Depths:4)
  4 goliath frogs
  6 skeletal warriors
  5 spriggan druids
  3 salamander mystics
  5 deep trolls
  4 unseen horrors
  6 swamp dragons
  2 flayed ghosts
  An infernal demonspawn (Depths:1)
  2 wizards (Depths:4)
  4 glowing orange brains
  4 naga ritualists (Snake:4)
  Pikel (D:8)
  A deep elf archer (D:8)
  8 bog bodies
  2 necromancers
  5 large abominations
  2 wolf spider zombies (D:15)
  44 ugly things
  An oklob plant (Swamp:3)
  A shining eye (shapeshifter) (Depths:3)
  9 orc knights
  7 orc sorcerers
  3 mana vipers
  3 manticores
  2 will-o-the-wisps
  19 salamanders
  A faun (shapeshifter) (Depths:4)
  4 cyclopes
  A moth of wrath (shapeshifter) (Depths:3)
  3 centaur zombies
  4 guardian serpents
  A moth of wrath (D:11)
  A torpor snail (Lair:2)
  11 elephants
  21 black mambas
  2 ice statues
  23 naga magi
  16 cane toads
  5 centaur skeletons
  3 orange demons (Swamp:4)
  A torpor snail (shapeshifter) (Depths:2)
  2 gargoyles
  Maggie (Lair:2)
  A freezing wraith (D:13)
  15 komodo dragons
  2 kobold demonologists
  4 rime drakes
  An ice devil (Depths:1)
  15 yaktaurs
  A hellwing (Depths:1)
  An elf (Depths:4)
  A tengu conjurer (Depths:1)
  8 trolls
  A troll (shapeshifter) (D:13)
  2 meliai (D:8)
  A hornet (shapeshifter) (Depths:1)
  9 tyrant leeches
  22 polar bears
  A snapping turtle (shapeshifter) (Depths:3)
  13 hornets
  A raiju (shapeshifter) (D:15)
  Prince Ribbit (D:6)
  19 slime creatures
  9 blink frogs
  12 dream sheep
  Sigmund (D:6)
  A spriggan (shapeshifter) (D:10)
  A centaur simulacrum (D:15)
  3 shadows
  12 wraiths
  11 spriggans
  3 wyverns
  60 yaks
  4 vampires
  A tarantella (shapeshifter) (Depths:4)
  A human (shapeshifter) (D:15)
  3 humans (Depths:4)
  6 basilisks
  2 neqoxecs (D:15)
  A fire bat (shapeshifter) (D:15)
  2 chaos spawn (Depths:1)
  8 wargs
  4 vampire mosquitoes (D:15)
  A naga (shapeshifter) (Depths:3)
  A soldier ant (D:11)
  16 swamp worms
  2 acid dragons
  51 nagas
  A floating eye (shapeshifter) (D:15)
  14 water moccasins
  2 swamp drakes
  34 orc warriors
  4 ice beasts
  2 black bears
  2 boggarts (Depths:4)
  2 eyes of draining (D:12)
  2 eyes of draining (shapeshifter)
  8 sky beasts
  23 wolves
  11 ogres
  5 phantoms
  18 centaurs
  A lemure (Depths:4)
  2 big kobolds
  20 bullfrogs
  9 small abominations
  A wyvern zombie (D:8)
  2 spectral wargs (Depths:4)
  3 wyvern skeletons
  A water moccasin skeleton (D:8)
  5 scorpions
  An oklob sapling (Swamp:3)
  11 killer bees
  11 wights (D:10)
  16 electric eels
  5 howler monkeys
  5 bullfrog zombies
  4 jellies
  19 orc priests
  4 hounds
  2 bullfrog skeletons
  37 orc wizards
  8 iguanas
  7 worker ants
  Natasha (thrice) (D:3)
  11 hell rats
  A hound zombie (D:9)
  A hound skeleton (D:7)
  20 gnolls
  An adder (shapeshifter) (D:15)
  12 adders
  2 shadow imps
  17 white imps
  5 ufetubi
  3 oozes
  5 adder skeletons
  A worm (D:2)
  3 dart slugs
  5 leopard geckos
  99 orcs
  5 bats
  4 giant cockroaches
  34 goblins
  17 hobgoblins
  5 jackals
  17 kobolds
  7 quokkas
  A ball python (shapeshifter) (D:15)
  3 ball pythons
  A ball python skeleton (D:4)
  A frilled lizard (D:2)
  3 jackal skeletons
  A jackal zombie (D:6)
  A leopard gecko skeleton (D:9)
  A quokka skeleton (D:8)
  7 rats
1503 creatures vanquished.

Vanquished Creatures (collateral kills)
  A sphinx (Depths:4)
  A hydra (Lair:4)
  A deep troll shaman (Depths:2)
  A deep troll earth mage (Depths:4)
  2 deep trolls (Depths:4)
  A yaktaur (Depths:4)
  An ogre (Orc:2)
8 creatures vanquished.

Vanquished Creatures (others)
  A deep troll earth mage (Depths:4)
  4 deep trolls
  A wizard (Depths:4)
  A guardian serpent (Snake:3)
  A bloated husk (Swamp:2)
  A vampire (Depths:4)
  An orc warrior (Orc:1)
  A wolf (Depths:4)
  An electric eel (Lair:4)
  An orc priest (Orc:1)
  An orc wizard (Orc:2)
  2 orcs (Orc:1)
  A bush (Lair:3)
  2 foxfires (Swamp:1)
  99 fungi
  133 plants
  A withered plant (Depths:4)
252 creatures vanquished.

Grand Total: 1763 creatures vanquished

Notes
Turn   | Place    | Note
-------+----------+-------------------------------------------
     0 | D:1      | Fusha the Human Brigand began the quest for the Orb.
     0 | D:1      | Reached XP level 1. HP: 16/16 MP: 1/1
   235 | D:1      | Reached XP level 2. HP: 22/22 MP: 2/2
   530 | D:1      | Reached XP level 3. HP: 27/27 MP: 3/3
  1092 | D:2      | Reached XP level 4. HP: 27/33 MP: 4/4
  1496 | D:2      | Found a hide-covered altar of Uskayaw.
  1592 | D:2      | Found an iron altar of Okawaru.
  1860 | D:3      | Found a glowing golden altar of the Shining One.
  2063 | D:3      | Reached skill level 1 in Armour
  2063 | D:3      | Reached XP level 5. HP: 21/39 MP: 5/5
  2406 | D:3      | Found a stormy altar of Qazlal.
  2407 | D:3      | Found a blossoming altar of Fedhas.
  2751 | D:3      | Noticed Natasha
  2759 | D:3      | Killed Natasha
  2861 | D:3      | Noticed Natasha
  2872 | D:3      | Killed Natasha
  2978 | D:3      | Noticed Natasha
  2987 | D:3      | Killed Natasha
  2988 | D:3      | Reached XP level 6. HP: 46/46 MP: 6/6
  3110 | D:3      | Noticed a phantom
  3145 | D:3      | Killed a phantom
  3146 | D:3      | Reached skill level 5 in Stealth
  3271 | D:4      | Found a blossoming altar of Fedhas.
  3729 | D:4      | Reached XP level 7. HP: 26/51 MP: 7/7
  4387 | D:5      | Entered Level 5 of the Dungeon
  4510 | D:4      | Reached XP level 8. HP: 17/58 MP: 8/8
  5231 | D:5      | Found a broken altar of Ashenzari.
  5464 | D:5      | Found a staircase to the Ecumenical Temple.
  5473 | Temple   | Entered the Ecumenical Temple
  5512 | Temple   | Became a worshipper of Dithmenos the Shadowed
  5679 | D:5      | Found a white marble altar of Elyvilon.
  5859 | D:5      | Found a shimmering blue altar of Sif Muna.
  5991 | D:6      | Noticed Sigmund
  6010 | D:6      | Killed Sigmund
  6011 | D:6      | Reached skill level 5 in Throwing
  6161 | D:6      | Noticed an angel
  6162 | D:6      | Found a glowing silver altar of Zin.
  6184 | D:6      | Found a shimmering altar of Xom.
  6259 | D:6      | Noticed Prince Ribbit
  6271 | D:6      | Killed Prince Ribbit
  6272 | D:6      | Reached XP level 9. HP: 54/65 MP: 9/9
  6540 | D:6      | Reached skill level 5 in Short Blades
  6627 | D:6      | Reached skill level 5 in Armour
  7355 | D:7      | Reached * piety under Dithmenos
  7975 | D:7      | Noticed Harold
  8030 | D:7      | Killed Harold
  8031 | D:7      | Reached XP level 10. HP: 47/73 MP: 10/10
  8729 | D:8      | Found a basalt altar of Yredelemnul.
  8783 | D:8      | Reached skill level 6 in Stealth
  8792 | D:8      | Noticed a skeletal warrior
  8822 | D:8      | Reached skill level 5 in Fighting
  9102 | D:8      | Noticed Pikel
  9233 | D:8      | Reached ** piety under Dithmenos
  9334 | D:8      | Found a staircase to the Lair.
  9376 | Lair:1   | Entered Level 1 of the Lair of Beasts
  9433 | Lair:1   | Noticed a komodo dragon
  9437 | Lair:1   | Noticed a komodo dragon
  9440 | Lair:1   | Killed a komodo dragon
  9447 | Lair:1   | Killed a komodo dragon
  9449 | Lair:1   | Noticed a black mamba
  9456 | Lair:1   | Killed a black mamba
  9678 | Lair:1   | Noticed a komodo dragon
  9679 | Lair:1   | Noticed a komodo dragon
  9679 | Lair:1   | Noticed a komodo dragon
  9696 | Lair:1   | Killed a komodo dragon
  9697 | Lair:1   | Reached skill level 5 in Dodging
  9713 | Lair:1   | Killed a komodo dragon
  9723 | Lair:1   | Killed a komodo dragon
  9724 | Lair:1   | Reached skill level 7 in Stealth
  9724 | Lair:1   | Reached skill level 1 in Evocations
  9724 | Lair:1   | Reached XP level 11. HP: 79/80 MP: 11/11
 10997 | Lair:2   | Noticed a boulder beetle
 11017 | Lair:2   | Killed a boulder beetle
 13023 | Lair:2   | Noticed Maggie
 14021 | Lair:2   | Reached XP level 12. HP: 54/88 MP: 12/12
 14201 | Lair:2   | Killed Maggie
 14202 | Lair:2   | Reached skill level 8 in Stealth
 14400 | Lair:3   | Noticed a catoblepas
 14638 | Lair:3   | Found a hazy altar of Hepliaklqana.
 15677 | Lair:3   | Reached skill level 1 in Shields
 15787 | Lair:3   | Noticed a six-headed hydra
 15792 | Lair:3   | Killed a six-headed hydra
 16016 | Lair:3   | HP: 2/89 [komodo dragon (24)]
 16420 | Lair:3   | Found a staircase to the Snake Pit.
 16491 | Lair:3   | Killed a catoblepas
 16634 | Lair:3   | Reached *** piety under Dithmenos
 16903 | Lair:3   | Reached skill level 10 in Throwing
 16920 | Lair:3   | Reached skill level 10 in Short Blades
 17501 | Lair:4   | You fall into a shaft and drop 2 floors!
 17501 | Lair:6   | Entered Level 6 of the Lair of Beasts
 17530 | Lair:6   | Reached XP level 13. HP: 95/95 MP: 13/13
 17534 | Lair:6   | Noticed a four-headed hydra
 17605 | Lair:6   | Noticed a six-headed hydra
 17630 | Lair:6   | Noticed an eight-headed hydra
 17641 | Lair:6   | Found a viscous altar of Jiyva.
 17642 | Lair:6   | Found a staircase to the Slime Pits.
 18136 | Lair:6   | Noticed a six-headed hydra
 18899 | Lair:4   | Identified a scroll of acquirement
 18899 | Lair:4   | Acquired the ring "Ipyvvanost" {*Drain AC+4 Str+4 Int-3
                  | Dex+9}
 19056 | Lair:4   | Reached **** piety under Dithmenos
 19527 | Lair:4   | Found a staircase to the Swamp.
 20211 | Lair:4   | Noticed a six-headed hydra
 20217 | Lair:4   | Killed a six-headed hydra
 20226 | Lair:4   | Noticed an eight-headed hydra
 20653 | Lair:4   | Killed an eight-headed hydra
 21049 | Lair:5   | Noticed a boulder beetle
 21082 | Lair:5   | Killed a boulder beetle
 21804 | Lair:5   | Noticed Josephine
 21880 | Lair:5   | Killed Josephine
 21881 | Lair:5   | Reached skill level 9 in Stealth
 21881 | Lair:5   | Reached XP level 14. HP: 61/105 MP: 14/14
 22781 | Lair:5   | Reached skill level 5 in Shields
 23203 | Lair:6   | Found a runed translucent door.
 23203 | Lair:6   | Noticed Gerhazo's ghost (journeyman DrCj)
 23287 | Lair:6   | Reached ***** piety under Dithmenos
 24517 | Lair:6   | Found an ornate altar of the Wu Jian Council.
 25244 | Lair:6   | Noticed a dire elephant
 25244 | Lair:6   | Noticed a dire elephant
 25251 | Lair:6   | Noticed a dire elephant
 25257 | Lair:6   | Noticed a dire elephant
 25313 | Lair:6   | Killed a dire elephant
 25393 | Lair:6   | Noticed a dire elephant
 25459 | Lair:6   | Killed a dire elephant
 25545 | Lair:6   | Noticed a dire elephant
 25622 | Lair:6   | Killed a dire elephant
 26010 | Lair:6   | Killed a dire elephant
 26083 | Lair:6   | Killed a dire elephant
 26180 | Lair:6   | Killed a dire elephant
 26719 | Lair:6   | Killed Gerhazo's ghost
 27174 | D:8      | Killed Pikel
 27175 | D:8      | Reached XP level 15. HP: 113/113 MP: 15/15
 28027 | D:8      | Found a sparkling altar of Nemelex Xobeh.
 29301 | D:9      | Got a jewelled ring mail
 29312 | D:9      | Identified the +2 ring mail of Death Resistance {Int+4
                  | Slay+2} (You found it on level 9 of the Dungeon)
 29409 | D:9      | Found a snail-covered altar of Cheibriados.
 29892 | D:10     | Entered Level 10 of the Dungeon
 30298 | D:10     | Found Meahyr's Book Emporium.
 30396 | D:10     | Reached ****** piety under Dithmenos
 30436 | D:10     | Found the +5 scythe "Finisher" {speed, eviscerate}
 30712 | D:10     | Reached skill level 10 in Stealth
 31377 | D:11     | Found a transporter.
 31387 | D:11     | Noticed boysha's ghost (journeyman GnGl)
 31399 | D:11     | Found a transporter.
 32762 | D:11     | Got a bloodstained dagger
 32772 | D:11     | Identified the +5 dagger of Greed {elec, rN+} (You found it
                  | on level 11 of the Dungeon)
 32855 | D:11     | HP: 2/115 [manticore (13)]
 33329 | D:11     | Killed boysha's ghost
 33494 | D:12     | Found a staircase to the Orcish Mines.
 33639 | D:12     | Found a flagged portal.
 33653 | Bailey   | Entered a bailey
 34073 | Bailey   | Noticed an orc warlord
 34085 | Bailey   | Killed an orc warlord
 34150 | Bailey   | Reached skill level 12 in Stealth
 34150 | Bailey   | Reached XP level 16. HP: 122/122 MP: 16/16
 34159 | Bailey   | Reached XP level 17. HP: 127/127 MP: 17/17
 34200 | D:12     | Noticed Sonja
 34212 | D:12     | Killed Sonja
 35010 | D:13     | Reached skill level 13 in Stealth
 35194 | D:13     | Reached XP level 18. HP: 134/134 MP: 18/18
 35421 | D:13     | Found a gate to the Vaults.
 35433 | D:13     | Reached skill level 10 in Fighting
 35740 | D:14     | Reached skill level 10 in Dodging
 35872 | D:14     | Noticed Nessos
 35895 | D:14     | Killed Nessos
 37027 | D:15     | Entered Level 15 of the Dungeon
 37144 | D:15     | Found a staircase to the Depths.
 37304 | D:15     | Found a frozen archway.
 37347 | D:15     | Reached skill level 14 in Stealth
 37561 | D:15     | Noticed Roxanne
 37563 | IceCv    | Entered an ice cave
 38339 | IceCv    | Reached skill level 10 in Shields
 39093 | D:15     | Found a runed translucent gate.
 39093 | D:15     | Found a runed translucent gate.
 39389 | D:15     | Found a runed translucent gate.
 39486 | D:15     | Found a runed translucent gate.
 39486 | D:15     | Found a runed translucent gate.
 39497 | D:15     | Found a runed translucent gate.
 39497 | D:15     | Noticed Kuralita's ghost (journeyman OpTm)
 39558 | D:15     | Killed Kuralita's ghost
 39580 | D:15     | Paralysed by a floating eye for 2 turns
 39628 | D:15     | Got a spiked hat
 39640 | D:15     | Identified the +2 hat of Weirdness {rElec rPois} (You found
                  | it on level 15 of the Dungeon)
 39730 | D:15     | Killed Roxanne
 40287 | D:15     | Found a white marble altar of Elyvilon.
 40636 | Orc:1    | Entered Level 1 of the Orcish Mines
 40897 | Orc:1    | Paralysed by an orc sorcerer for 3 turns
 41152 | Orc:1    | Reached XP level 19. HP: 133/141 MP: 17/19
 41455 | Orc:2    | Entered Level 2 of the Orcish Mines
 41546 | Orc:2    | Found a runed translucent gate.
 41546 | Orc:2    | Found a runed translucent gate.
 41548 | Orc:2    | Found a runed translucent gate.
 41552 | Orc:2    | Found a staircase to the Elven Halls.
 41552 | Orc:2    | Noticed H0rd4k's ghost (journeyman HuAr)
 41749 | Orc:2    | Killed H0rd4k's ghost
 42153 | Orc:2    | Found a roughly hewn altar of Beogh.
 42302 | Orc:2    | Found Kaklopn Quot's Antique Armour Shoppe.
 42397 | Orc:2    | Found Foywnu's General Store.
 42411 | Orc:2    | Found Kounicol's Antique Weapon Shoppe.
 42587 | Orc:2    | Found Ocam's Assorted Antiques.
 42595 | Orc:2    | Bought a scroll of blinking for 225 gold pieces
 42595 | Orc:2    | Bought a potion of curing for 90 gold pieces
 42603 | Orc:2    | Bought a scroll of blinking for 112 gold pieces
 42617 | Orc:2    | Bought an ichor-stained ring mail for 207 gold pieces
 42628 | Orc:2    | Identified the +3 ring mail "Amayl" {rF+ Will+ Str+4} (You
                  | bought it in a shop on level 2 of the Orcish Mines)
 42902 | Swamp:1  | Entered Level 1 of the Swamp
 44884 | Swamp:3  | Reached skill level 15 in Stealth
 46845 | Swamp:4  | Entered Level 4 of the Swamp
 47230 | Swamp:3  | Reached XP level 20. HP: 92/152 MP: 20/20
 48566 | Swamp:4  | Got a decaying rune of Zot
 48978 | Snake:1  | Entered Level 1 of the Snake Pit
 49149 | Snake:1  | Noticed Louise
 49276 | Snake:1  | Killed Louise
 49288 | Snake:1  | Acquired the amulet "Meimaoh" {Reflect rPois SH+5}
 50162 | Snake:2  | You fall into a shaft and drop 1 floor!
 51092 | Snake:2  | Noticed Asterion
 51094 | Snake:2  | Killed Asterion
 51607 | Snake:2  | Reached XP level 21. HP: 157/159 MP: 21/21
 52164 | Snake:3  | Reached skill level 1 in Invocations
 52504 | Snake:4  | Entered Level 4 of the Snake Pit
 52520 | Snake:4  | Reached skill level 16 in Stealth
 53853 | Snake:4  | Reached skill level 15 in Shields
 54959 | Snake:4  | Got a serpentine rune of Zot
 55413 | Depths:1 | Entered Level 1 of the Depths
 56046 | Depths:1 | Found a gateway to Hell.
 56118 | Depths:1 | Found a one-way gate leading to the halls of Pandemonium.
 56141 | Depths:1 | Gained mutation: Potions are less effective at restoring
                  | your health. [a cacodemon]
 56145 | Depths:1 | Gained mutation: Scrolls take you a little longer to read.
                  | [a cacodemon]
 56228 | Depths:1 | Lost mutation: Scrolls take you a little longer to read.
                  | [potion of mutation]
 56228 | Depths:1 | Lost mutation: Potions are less effective at restoring your
                  | health. [potion of mutation]
 56228 | Depths:1 | Gained mutation: You are partially covered in icy blue
                  | scales. (AC +2) [potion of mutation]
 56228 | Depths:1 | Gained mutation: You are agile. (Dex +2) [potion of
                  | mutation]
 56228 | Depths:1 | Gained mutation: You possess an exceptional clarity of
                  | mind. [potion of mutation]
 56379 | Depths:1 | Reached XP level 22. HP: 129/167 MP: 23/23
 57466 | Depths:1 | Found a one-way gate to the infinite horrors of the Abyss.
 57869 | Depths:2 | Reached skill level 17 in Stealth
 58921 | Depths:2 | Found Genguot's Gadget Boutique.
 58922 | Depths:2 | Found Qemuc's Jewellery Shoppe.
 58923 | Depths:2 | Found Pusch's Gadget Boutique.
 59016 | Depths:2 | Bought a wand of acid (13) for 714 gold pieces
 59016 | Depths:2 | Bought a wand of paralysis (4) for 126 gold pieces
 59016 | Depths:2 | Bought a wand of iceblast (8) for 252 gold pieces
 59020 | Depths:2 | Bought a wand of iceblast (8) for 240 gold pieces
 59020 | Depths:2 | Bought a wand of acid (8) for 480 gold pieces
 59020 | Depths:2 | Bought a wand of acid (9) for 520 gold pieces
 59020 | Depths:2 | Bought a phial of floods for 800 gold pieces
 59487 | Depths:2 | Reached skill level 15 in Short Blades
 59810 | Depths:2 | Got a smoking scimitar
 59811 | Depths:2 | Identified the +1 scimitar "Elawk" {vorpal, rPois Dex+2}
                  | (You found it on level 2 of the Depths)
 60007 | Depths:3 | Found a broken altar of Ashenzari.
 60206 | Depths:3 | Found a runed translucent door.
 60207 | Depths:3 | Noticed a juggernaut
 60207 | Depths:3 | Found a runed translucent door.
 60403 | Depths:3 | Gained mutation: Your magical capacity is low. (-10% MP) [a
                  | shining eye]
 60806 | Depths:3 | Found a gateway to a ziggurat.
 60858 | Depths:3 | You fall into a shaft and drop 2 floors!
 60858 | Depths:5 | Entered Level 5 of the Depths
 60859 | Depths:5 | Noticed a bone dragon
 60918 | Depths:4 | Reached XP level 23. HP: 132/168 MP: 22/22
 61289 | Depths:3 | Identified the ring "Zyimet" {rF++ rC+ Str-2 Int+6 Slay+4}
 61735 | Depths:3 | Reached skill level 15 in Dodging
 62270 | Depths:3 | Killed a juggernaut
 62289 | Depths:3 | Reached skill level 18 in Stealth
 62821 | Depths:3 | Got a shimmering chain mail
 62833 | Depths:3 | Identified the +8 chain mail "Jaicaxis" {Will- Str+7} (You
                  | found it on level 3 of the Depths)
 64277 | Depths:4 | Reached skill level 10 in Evocations
 64283 | Depths:4 | Found Qoblid's General Store.
 64295 | Depths:4 | Bought a scroll of teleportation for 69 gold pieces
 64295 | Depths:4 | Bought a scroll of teleportation for 69 gold pieces
 64295 | Depths:4 | Bought a potion of might for 92 gold pieces
 64295 | Depths:4 | Bought a scroll of summoning for 218 gold pieces
 64522 | Depths:4 | Found a radiant altar of Vehumet.
 64574 | Depths:4 | Found Foujodo's Miraculous Elixirs.
 64801 | Depths:4 | Found The Legendary Teotebb's Legendary Smithy.
 65099 | Depths:4 | Found an ancient bone altar of Kikubaaqudgha.
 65236 | Depths:4 | Reached XP level 24. HP: 185/185 MP: 22/22
 65785 | Depths:5 | Reached skill level 19 in Stealth
 65971 | Depths:5 | Found a gate to the Realm of Zot.
 65997 | Depths:5 | Killed from afar by a frost giant

Illustrated notes

Levels and vault maps discovered:
D:1:      minmay_arrival_open_corners, layout_basic
D:2:      layout_loops_cross, lemuel_coloured_pillars_altar,
          eat_drink_and_be_merry_uskayaw, chequers_mini_garden,
          minmay_octomino_c4
D:3:      layout_basic, grunt_temple_overflow_forces_of_nature, tso_altar,
          uniq_natasha
D:4:      layout_gridville, fedhas_altar_1
D:5:      layout_cave_pools, lemuel_doored_altar, overflow_temple_1_default,
          nicolae_overflow_crystal_walls, minmay_temple_entry_junction
D:6:      wad_crossroads, layout_basic, grunt_temple_overflow_order_and_chaos_1,
          uniq_prince_ribbit1, uniq_sigmund
D:7:      layout_loops_ring, small_statue_intersection, uniq_harold
D:8:      nzn_winding_woodlands_stair_cross
          [nzn_winding_woodlands_5x15_sidewinder,
          nzn_winding_woodlands_center_diamonds, nzn_winding_woodlands_5x15_eye,
          nzn_winding_woodlands_5x5_open_star, nzn_winding_woodlands_5x5_cross,
          nzn_winding_woodlands_5x15_split_checker,
          nzn_winding_woodlands_center_triple_pond,
          nzn_winding_woodlands_5x15_zeroes], layout_layer_cave,
          lemuel_round_altar, nemelex_xobeh_ov_fountains_minmay,
          lair_entry_dummy, kb_rosetta, uniq_pikel
D:9:      layout_small_grid, overflow_temple_1_default, minmay_statue_bubble
D:10:     minmay_the_grid_triangle_9x9_rhombus_thin
          [minmay_the_grid_triangle_9x9_semitri,
          minmay_the_grid_triangle_9x9_prize_insulated,
          minmay_the_grid_triangle_9x9_zippers_horizontal,
          minmay_the_grid_triangle_9x9_impossible_snake], layout_basic,
          serial_shops, shop_fountains, minmay_guarded_unrand_finisher
D:11:     statuecave_lemuel, layout_layer_cave,
          gammafunk_ghost_berserking_beasts, serial_park_tiny_2,
          corexii_corridor_pit, grunt_ministairs_15
D:12:     layout_roguey, orc_0_dummy, enter_bailey_3, minivault_5, uniq_sonja
D:13:     minmay_distorted_concentric_squares, layout_rooms, erik_vaults_2
D:14:     layout_loops_corners, nicolae_benzene_ring, the_bakery, uniq_nessos
D:15:     grunt_enter_depths_hoard, layout_long_grid,
          portal_ice_cave_entry_imps, elyvilon_altar_1,
          ploomutoo_gammafunk_ghost_potion_laboratory, uniq_roxanne
Temple:   jpeg_temple_island
Lair:1:   layout_cave_shapes, minivault_19, chequers_serial_rivers_large_b,
          beast_lair_carwin_1
Lair:2:   layout_chaotic_city, serial_bayou_pond_d, uniq_maggie
Lair:3:   layout_regular_city, minmay_snake_entry_guardpost_small, basic_altar,
          minivault_11, serial_bayou_lagoon_b
Lair:4:   layout_roguey, minmay_swamp_entry_eels, forest_entry_grove,
          grunt_megastairs_1
Lair:5:   layout_small_grid, uniq_josephine
Lair:6:   due_jungle_book, layout_small_grid, slime_altar_1,
          hellmonk_ghost_happy_afterlife, lemuel_centaur_altar,
          grunt_megastairs_2, serial_bayou_shore_a
Swamp:1:  layout_basic_swamp, evilmike_swamp_ruin_wall
Swamp:2:  layout_basic_swamp, evilmike_swamp_ruin_house_6, swamp_pool4
Swamp:3:  nicolae_swamp_phyte_club, layout_falls_marsh, serial_swamp_ruin,
          evilmike_swamp_ruin_rubble_2, evilmike_swamp_ruin_house_4,
          evilmike_swamp_ruin_rubble_1
Swamp:4:  swamp_vile, layout_basic_swamp, swamp_pool4
Snake:1:  layout_onion, nicolae_snake_serpentine_hallways, serial_bayou_ford_a,
          uniq_louise
Snake:2:  layout_cave_shapes, uniq_asterion
Snake:3:  layout_grid_shapes, special_room, st_stairs_9
Snake:4:  snake_pit, layout_gridlike, grunt_megastairs_3
Orc:1:    layout_caves, basic_altar, guppyfry_library_mini
Orc:2:    st_orc_elflike, layout_diamond_mine, gammafunk_ghost_split,
          minmay_orc_temple_a
Depths:1: layout_roguey, minmay_room_of_horrors, rand_demon_pan_entry_5,
          chequers_serial_rivers_small_3, hangedman_coc_ice_floe,
          minmay_hollow_rounded_squares, serial_bayou_shore_b
Depths:2: minmay_shrinking_squares, layout_basic, minmay_stone_trees_small,
          abyss_entry_small_statue_room, hell_entry,
          roderic_lattice_octagonal_star, minmay_staircase_bubble,
          firewood_loft, minmay_shop_grove
Depths:3: minmay_expanding_circles, layout_honeycomb, enter_ziggurat_b,
          pan_entry, evilmike_ruin_ashenzari, hell_entry
Depths:4: grated_community_mu [grated_community_mu_vampire_home,
          grated_community_mu_giant_home, grated_community_mu_spellcaster_home,
          grated_community_mu_orcish_home, grated_community_mu_troll_home,
          grated_community_mu_taur_home, grated_community_mu_unbuilt_plot],
          layout_cave_shapes, pan_entry, kennysheep_crisscross, hell_entry,
          abyss_entry, minmay_misc_feat_tower, minmay_misc_feat_iff
Depths:5: evilmike_zot_entry_argh, layout_long_grid, abyss_entry_flame_altar,
          lightli_too_deep, dk_noncrumbling_4, kennysheep_random_hallway

Skill      XL: |  1  2  3  4  5  6  7  8  9 10 11 12 13 14 15 16 17 18 19 20 21 22 23 24 |
---------------+-------------------------------------------------------------------------+-----
Armour         | 1 2 3 4 6 8 |  8.5
Dodging        | 2 3 4 5 6 7 8 9 10 11 12 13 14 15 16 | 16.0
Short Blades   | 3 4 6 7 8 10 11 12 13 14 15 | 15.6
Stealth        | 5 7 8 9 12 13 14 15 16 17 18 19 | 19.2
Throwing       | 3 4 5 6 8 9 10 11 12 13 | 13.8
Fighting       | 3 4 5 6 8 9 10 11 12 13 14 | 14.0
Evocations     | 1 2 4 6 8 10 | 10.1
Shields        | 2 4 6 8 10 12 14 15 | 15.0
Invocations    | 1 2 |  2.3

Action                   |  1- 3 |  4- 6 |  7- 9 | 10-12 | 13-15 | 16-18 | 19-21 | 22-24 || total
-------------------------+-------+-------+-------+-------+-------+-------+-------+-------++-------
Melee: Dagger            |    94 |   182 |   465 |   534 |   696 |  1047 |  2552 |  1651 ||  7221
       Rapier            |       |       |       |   238 |  1007 |       |    17 |    91 ||  1353
Throw: Dart              |       |    31 |    35 |    76 |    78 |       |     2 |       ||   222
       Boomerang         |       |    20 |    43 |    51 |   110 |    12 |    48 |    12 ||   296
       Javelin           |       |       |       |       |    33 |    34 |    33 |     7 ||   107
Invok: Shadow Step       |       |       |       |     1 |       |       |     5 |     9 ||    15
 Abil: Evoke Flight      |       |       |       |       |     1 |       |       |       ||     1
Evoke: Wand              |       |       |       |    22 |    46 |     4 |    42 |    65 ||   179
       Phantom mirror    |       |       |       |     2 |     2 |       |     1 |       ||     5
       Lightning rod     |       |       |       |       |     4 |       |     4 |     8 ||    16
       Condenser vane    |       |       |       |       |     1 |       |     2 |     2 ||     5
       Tin of tremorston |       |       |       |       |       |       |       |     2 ||     2
  Use: Scroll            |     2 |     6 |     7 |    16 |    14 |     8 |    11 |     7 ||    71
       Potion            |       |       |       |    10 |     7 |     8 |     9 |     5 ||    39
 Stab: Sleeping          |     2 |     1 |     6 |    10 |    56 |    40 |    76 |    53 ||   244
       Paralysed         |       |       |       |     2 |     1 |     1 |       |     3 ||     7
       Petrified         |       |       |       |     1 |     1 |       |       |       ||     2
       Distracted        |       |       |       |       |     3 |     4 |    20 |    16 ||    43
       Invisible         |       |       |       |       |       |     4 |       |       ||     4
       Fleeing           |       |       |       |       |       |       |       |     2 ||     2
Armor: Ring mail         |    37 |    52 |   109 |   101 |   236 |   156 |   284 |   157 ||  1132
       Robe              |     1 |       |       |       |       |       |       |       ||     1
       Skin              |       |       |       |    25 |       |       |       |       ||    25
Dodge: Dodged            |    39 |    79 |   260 |   477 |   850 |   437 |  1106 |   614 ||  3862
Block: Buckler           |       |       |       |    39 |   133 |       |       |       ||   172
       Kite shield       |       |       |       |     2 |   458 |   420 |  1357 |  1006 ||  3243
       Reflection        |       |       |       |       |       |       |    88 |    65 ||   153
